 Dungeon Crawl Stone Soup version 0.31-a0-233-g139696dc86 (webtiles) character file.

Game seed: 1621241372778686572

191 qw the Shooter (level 5, 0/45 HPs)
             Began as a Minotaur Hexslinger on July 8, 2023.
             Killed from afar by Sigmund (5 damage)
             ... with a magic dart
             ... on level 3 of the Dungeon.
             The game lasted 00:00:56 (2378 turns).

qw the Shooter (Minotaur Hexslinger)                Turns: 2378, Time: 00:00:57

Health: 0/45       AC:  6    Str: 13    XL:     5   Next: 41%
Magic:  5/5        EV: 11    Int: 10    God:
Gold:   167        SH:  0    Dex: 14    Spells: 5/6 levels left

rFire   . . .        Y - +1 sling (drain)
rCold   . . .        (no shield)
rNeg    . . .        c - +0 ring mail
rPois   .            (helmet restricted)
rElec   .            a - +0 cloak
rCorr   .            (no gloves)
SInv    .            (no boots)
Will    .....        (no amulet)
Stlth   +            (no ring)
HPRegen 0.27/turn    (no ring)
MPRegen 0.09/turn

%: no passive effects
@: lethally poisoned (0 -> -19)
A: horns 2, retaliatory headbutt
a: no special abilities


You were on level 3 of the Dungeon.
You visited 1 branch of the dungeon, and saw 3 of its levels.

You collected 167 gold pieces.


Innate Abilities, Weirdness & Mutations

You have a pair of horns on your head.
You reflexively headbutt those who attack you in melee.


   Skills:
 - Level 3.1 Fighting
 + Level 5.5 Ranged Weapons
 - Level 1.0 Armour
 - Level 2.1 Dodging
 - Level 1.0 Spellcasting
 - Level 2.0 Hexes


You had 5 spell levels left.
You knew the following spells:

 Your Spells              Type           Power      Damage    Failure   Level
a - Slow                  Hex            16%        N/A       32%         1

Your spell library contained the following spells:

 Spells                   Type           Power      Damage    Failure   Level
 Inner Flame              Hex/Fire       2%         N/A       82%         3
 Portal Projectile        Hex/Tloc       4%         N/A       82%         3
 Cause Fear               Hex            2%         N/A       97%         4

Inventory:

Hand Weapons
 Y - a +1 sling of draining (weapon)
Armour
 a - a +0 cloak (worn)
 c - a +0 ring mail (worn)
Scrolls
 b - a scroll of identify
 e - a scroll of revelation {unknown}
 f - a scroll of teleportation
Potions
 d - 2 potions of curing {unknown}
 g - a potion of resistance {unknown}
 i - a potion of attraction {unknown}

Dungeon Overview and Level Annotations

Branches:
Dungeon (3/15)

Altars:
Dithmenos

Annotations:
D:3 1 runed translucent door, Crazy Yiuf, Sigmund


Message History

Sigmund is moderately wounded.
You feel very sick. Sigmund closely misses you.
You shoot a sling bullet.
The sling bullet hits the rat but does no damage.
You drain the rat.
You kill the rat!
You feel sick.
The rat twitches its whiskers.
Sigmund closely misses you. The rat bites you but does no damage.
You shoot a sling bullet. The sling bullet hits the rat.
The rat is moderately wounded.
You feel sick. The rat bites you but does no damage.
You shoot a sling bullet. The sling bullet barely misses the rat.
The sling bullet closely misses the bat.
You feel sick.
Sigmund casts a spell.
Sigmund flickers and vanishes!
Deactivating autopickup; reactivate with Ctrl-A.
The rat bites you but does no damage. Something hits you.
You are more poisoned.
You shoot a sling bullet. The sling bullet hits the rat.
You kill the rat!
You feel very sick. The bat completely misses you. The bat misses you.
You shoot a sling bullet. The sling bullet barely misses the bat.
You feel very sick. The bat hits you but does no damage. Something hits you.
You are more poisoned.
You shoot a sling bullet. The sling bullet hits the bat.
The bat is severely wounded.
You feel very sick. The bat hits you but does no damage. Something hits you.
You are lethally poisoned!
You shoot a sling bullet. The sling bullet hits the bat.
You kill the bat!
You feel extremely sick.
A magic dart appears from out of thin air!
The magic dart hits you.
You die...

#..##.#
##.#
#%....#
#.#
....###
#.##
...##
#..#
...#
##.#
.####
#.#
....##
###.#
..#...
###...#
#..###
#.@.###
.#...
#%###
.####.
.%{
....
.....
.....
.......
###...
#......
###
.......
.#.....


There were no monsters in sight!

Vanquished Creatures
  Jessica (D:2)
  Natasha (twice) (D:2)
  A gnoll (D:1)
  3 adders
  3 dart slugs
  An orc (D:3)
  3 ball pythons (D:1)
  6 endoplasms
  2 giant cockroaches
  7 goblins
  4 hobgoblins
  7 jackals (D:2)
  6 kobolds
  4 quokkas
  11 bats
  2 frilled lizards (D:1)
  7 rats
70 creatures vanquished.

Notes
Turn   | Place    | Note
-------+----------+-------------------------------------------
     0 | D:1      | qw the Minotaur Hexslinger began the quest for the Orb.
     0 | D:1      | Reached XP level 1. HP: 16/16 MP: 1/1
     0 | D:1      | 0 ||| qw: Version: 0.3-a-46-gb1f654a
     0 | D:1      | 0 ||| qw: Game counter: 3765
     0 | D:1      | 0 ||| qw: Melee chars always use a shield: true
     0 | D:1      | 0 ||| qw: God list: Okawaru
     0 | D:1      | 0 ||| qw: Allow faded altars: false
     0 | D:1      | 0 ||| qw: Do Orc after clearing Dungeon:15 true
     0 | D:1      | 0 ||| qw: Do second Lair branch before Depths: true
     0 | D:1      | 0 ||| qw: Lair rune preference: random
     0 | D:1      | 0 ||| qw: Goals: Normal
     0 | D:1      | 0 ||| PLANNING D:1-11
    64 | D:1      | Noticed a floating eye
    66 | D:1      | Found a faded altar of an unknown god.
    69 | D:1      | Noticed an eye of devastation
    69 | D:1      | Noticed a shining eye
    69 | D:1      | Noticed an eye of devastation
    88 | D:1      | Reached skill level 3 in Ranged Weapons
    89 | D:1      | Reached XP level 2. HP: 10/23 MP: 2/2
   339 | D:1      | Reached XP level 3. HP: 28/29 MP: 3/3
   645 | D:1      | Reached skill level 4 in Ranged Weapons
  1008 | D:1      | 1008 ||| UPGRADING to +0 leather armour.
  1018 | D:1      | 1018 ||| DROPPING +0 robe.
  1019 | D:1      | 1019 ||| READING scroll labelled LESTEU CARAEXT.
  1020 | D:1      | 1020 ||| READING 2 scrolls labelled JUVUDE AROALADO.
  1023 | D:1      | 1023 ||| READING 3 scrolls labelled HIXZUH AGITY.
  1024 | D:1      | 1024 ||| READING scroll labelled NITIPL ICIFA.
  1025 | D:1      | 1025 ||| READING scroll labelled TILYZOSYNE.
  1026 | D:1      | 1026 ||| READING scroll labelled MEFUEM FENG.
  1027 | D:1      | 1027 ||| DROPPING scroll of poison.
  1028 | D:1      | 1028 ||| DROPPING 2 scrolls of amnesia.
  1216 | D:2      | Noticed Jessica
  1230 | D:2      | 1230 ||| FLEEEEING.
  1231 | D:2      | 1231 ||| FLEEEEING.
  1232 | D:2      | 1232 ||| FLEEEEING.
  1233 | D:2      | 1233 ||| FLEEEEING.
  1234 | D:2      | 1234 ||| FLEEEEING.
  1235 | D:2      | 1235 ||| FLEEEEING.
  1236 | D:2      | 1236 ||| FLEEEEING.
  1242 | D:2      | 1242 ||| FLEEEEING.
  1243 | D:2      | 1243 ||| FLEEEEING.
  1244 | D:2      | 1244 ||| FLEEEEING.
  1246 | D:2      | Killed Jessica
  1247 | D:2      | Reached XP level 4. HP: 34/36 MP: 4/4
  1431 | D:2      | Reached skill level 5 in Ranged Weapons
  1671 | D:2      | Noticed Natasha
  1675 | D:2      | Killed Natasha
  1676 | D:2      | Reached skill level 3 in Fighting
  1850 | D:2      | Noticed Natasha
  1857 | D:2      | Killed Natasha
  1858 | D:2      | Reached XP level 5. HP: 13/45 MP: 5/5
  2043 | D:2      | 2043 ||| UPGRADING to +0 cloak.
  2048 | D:2      | 2048 ||| UPGRADING to +0 ring mail.
  2058 | D:2      | 2058 ||| DROPPING +0 leather armour.
  2059 | D:2      | 2059 ||| READING 2 scrolls of identify.
  2059 | D:2      | 2059 ||| IDENTIFYING emerald potion
  2060 | D:2      | 2060 ||| DROPPING potion of degeneration.
  2108 | D:3      | Reached skill level 1 in Armour
  2149 | D:3      | Found a shadowy altar of Dithmenos.
  2234 | D:3      | Found a runed translucent door.
  2235 | D:3      | Noticed Crazy Yiuf
  2367 | D:3      | Noticed Sigmund
  2378 | D:3      | HP: 5/45 [poisoned by Sigmund]
  2378 | D:3      | Killed from afar by Sigmund

Levels and vault maps discovered:
D:1:      evilmike_arrival_rings, layout_loops_corners,
          hellmonk_ecumenical_altar_watching_god
D:2:      layout_basic, uniq_jessica, uniq_natasha
D:3:      layout_rooms, nicolae_dithmenos_shadow_blocks, uniq_grinder,
          uniq_crazy_yiuf_cottage, uniq_sigmund

Skill      XL: |  1  2  3  4  5 |
---------------+----------------+-----
Ranged Weapons | 3 4 5 |  5.5
Fighting       | 2 3 |  3.1
Armour         | 1 |  1.0
Dodging        | |  2.1
Spellcasting   | |  1.0
Hexes          | |  2.0

Action                     |  1- 3 |  4- 6 || total
---------------------------+-------+-------++-------
   Fire: Sling             |   123 |    98 ||   221
    Use: Scroll            |     6 |     1 ||     7
 Armour: Robe              |     9 |       ||     9
         Leather armour    |     2 |     9 ||    11
         Ring mail         |       |    12 ||    12
  Dodge: Dodged            |    41 |    45 ||    86

Table legend:
 A = Non-vault XP
 B = Vault XP
 C = Vault XP percentage of total XP
 D = Non-vault monster count
 E = Vault monster count
 F = Vault count percentage of total count
                 A         B        C        D         E       F
            +---------+---------+-------+---------+---------+-------
      Total |     205 |      70 |  25.5 |      68 |       2 |   2.9
            +---------+---------+-------+---------+---------+-------
        D:1 |      68 |       0 |   0.0 |      30 |       0 |   0.0
        D:2 |      84 |      70 |  45.5 |      21 |       2 |   8.7
        D:3 |      53 |       0 |   0.0 |      17 |       0 |   0.0
            +---------+---------+-------+---------+---------+-------
